 Dungeon Crawl Stone Soup version 0.30.1-11-g7821555f0a (webtiles) character file.

Game seed: 15169915050304916358

34498 wWBigheadWw the Severer (level 13, -2/125 HPs)
             Began as a Minotaur Berserker on Nov 19, 2023.
             Was an Elder of Trog.
             Slain by a soul eater (16 damage)
             ... summoned by an orc high priest
             ... on level 2 of the Orcish Mines on Nov 20, 2023.
             The game lasted 01:57:54 (16307 turns).

wWBigheadWw the Severer (Minotaur Berserker)       Turns: 16307, Time: 01:57:55

Health: -2/125     AC: 23    Str: 26    XL:     13   Next: 42%
Magic:  12/12      EV:  8    Int:  4    God:    Trog [****..]
Gold:   950        SH:  5    Dex: 11    Spells: 12/12 levels left

rFire   . . .        P - +3 war axe (heavy)
rCold   . . .        (no shield)
rNeg    + + .        I - +2 plate armour {rN+}
rPois   .            (helmet restricted)
rElec   .            i - +2 cloak
rCorr   .            (no gloves)
SInv    .            b - +0 pair of boots
Will    .....        y - amulet of reflection Stlth
                     q - +4 ring of slaying
HPRegen 0.40/turn    z - ring of positive energy
MPRegen 0.13/turn

%: reflection
@: marked
A: horns 2, retaliatory headbutt
a: Renounce Religion, Berserk, Trog's Hand, Brothers in Arms


You were on level 2 of the Orcish Mines.
You worshipped Trog.
Trog was greatly pleased with you.
You visited 2 branches of the dungeon, and saw 15 of its levels.

You collected 1465 gold pieces.
You spent 515 gold pieces at shops.

Inventory:

Hand Weapons
 o - a +0 club
 t - a +1 whip of freezing
 u - a +1 hand axe of venom
 w - a +2 dagger of protection
 K - a +1 scimitar of flaming
 N - a +5 scimitar
 P - a +3 heavy war axe (weapon)
 T - a +5 war axe
Armour
 b - a +0 pair of boots (worn)
 i - a +2 cloak (worn)
 H - a +2 leather armour of willpower
 I - a +2 plate armour of positive energy (worn)
 M - a +0 ring mail of cold resistance
 Q - a +1 cloak
 S - a +2 robe of positive energy
Jewellery
 q - a +4 ring of slaying (left hand)
 y - an amulet of reflection (around neck)
 z - a ring of positive energy (right hand)
 E - a ring of protection from fire
 F - an amulet of regeneration
 O - a ring of protection from cold
Wands
 a - a wand of roots (5)
 e - a wand of paralysis (4)
 A - a wand of digging (3)
 J - a wand of acid (8)
 L - a wand of flame (23)
Scrolls
 c - a scroll of vulnerability
 g - 5 scrolls of identify
 h - 8 scrolls of teleportation
 l - 2 scrolls of enchant armour
 m - 3 scrolls of poison
 n - 2 scrolls of noise
 r - 3 scrolls of immolation
 s - 3 scrolls of fog
 C - 3 scrolls of blinking
 G - a scroll of amnesia
Potions
 d - 2 potions of resistance
 f - 3 potions of mutation
 j - 5 potions of curing
 k - 3 potions of ambrosia
 p - 2 potions of haste
 v - 2 potions of lignification
 x - 2 potions of degeneration
 B - 2 potions of attraction
 R - 2 potions of berserk rage


   Skills:
 + Level 14.3 Fighting
 + Level 19.4 Axes
 + Level 14.1 Armour
 - Level 2.1 Dodging


You had 12 spell levels left.
You didn't know any spells.
Your spell library contained the following spells:

 Spells                   Type           Power      Damage    Failure   Level
 Beastly Appendage        Tmut           0%         N/A       99%         1
 Wereblood                Tmut           0%         N/A       99%         2
 Spider Form              Tmut/Pois      0%         N/A       100%        3
 Alistair's Intoxication  Tmut/Pois      0%         N/A       100%        5
 Borgnjor's Vile Clutch   Necr/Erth      0%         N/A       100%        5
 Eringya's Noxious Bog    Tmut/Pois      0%         N/A       100%        6


Dungeon Overview and Level Annotations

Branches:
Dungeon (13/15)            Temple (0/1) D:4            Lair (0/5) D:8
    Orc (2/2) D:12
    Elf: Orc:2       Vaults: D:13-14

Altars:
Dithmenos
Elyvilon
Ru
Uskayaw
Yredelemnul

Shops:
Orc:2 *!


Innate Abilities, Weirdness & Mutations

You have a pair of horns on your head.
You reflexively headbutt those who attack you in melee.


Message History

The ynoxinul hits you but does no damage.
The orc high priest invokes the aid of Beogh against you.
Beogh smites you!
* * * LOW HITPOINT WARNING * * *
You slash the ynoxinul!
You kill the ynoxinul!
The ynoxinul disappears in a puff of smoke!
Your ogre barely misses the orc high priest.
The orc high priest hits you from afar with a +0 halberd!
* * * LOW HITPOINT WARNING * * *
The orc high priest calls down the wrath of Beogh upon you.
Your ogre writhes in agony!
Your ogre hits the orc high priest with a +0 giant club!
The orc high priest hits you but does no damage.
The orc high priest mumbles some strange prayers to Beogh.
Send 'em back where they came from!
Trog shields your ally from puny magic!
Your ogre is no longer berserk.
Your ogre disappears in a puff of smoke!
The orc high priest hits you but does no damage.
The orc high priest hits you with a +0 war axe!
* * * LOW HITPOINT WARNING * * *
You block the orc high priest's attack.
You barely miss the orc high priest.
The orc high priest is lightly wounded.
The orc high priest barely misses you. x2
You hit the orc high priest.
The orc high priest is lightly wounded.
You slice the soul eater!!
The soul eater hits you but does no damage.
You block the orc high priest's attack. The orc high priest closely misses you.
Your two-headed ogre rages.
You carve the orc high priest like a ham!!!
You headbutt the orc high priest.
You kill the orc high priest!
Trog accepts your kill.
The orange demon disappears in a puff of smoke!
The sun demon disappears in a puff of smoke!
You slice the soul eater!! The soul eater hits you!
You die...

.))##).###...##
##.).###..##...
...)).###..)##
##...###......
.....###...## ##...###.....
....###.#o##. .##.#.###...#
...###..)##..#
#..##...###.##
)...###§#.##.§# #..##.#.##
####
.....###)).##.o###).##...##
##
......###)o.##§3#O.##...##
#.
.......###o..##)@)##.).##
## ........###...#.#.#...##
# .........###......[..##
..........###.#...#.##
...........###.....##
.........)).###...#
.............###.##
............).###
...........))..##


You could see a soul eater (summoned, ally target), an orc high priest and a
friendly two-headed ogre (summoned, berserk).

Vanquished Creatures
  An orc warlord (Orc:2)
  Harold (Orc:1)
  3 two-headed ogres
  Erica (D:8)
  2 boulder beetles
  5 orc high priests (Orc:2)
  4 orc knights (Orc:2)
  Pikel (D:4)
  2 orc sorcerers (Orc:2)
  An ugly thing (D:10)
  3 cyclopes
  An elephant (D:8)
  Maurice (D:12)
  The ghost of Jaukkuri the Summoner, a novice DESu (D:6)
  A gargoyle (D:10)
  2 komodo dragons (D:11)
  A kobold demonologist (D:12)
  2 ice devils (Orc:2)
  A red devil (Orc:2)
  7 trolls
  A wind drake (shapeshifter) (D:12)
  A hellwing (Orc:2)
  Sigmund (D:3)
  2 shadows
  4 slime creatures (D:12)
  A spriggan (shapeshifter) (D:10)
  16 yaks
  2 wyverns (D:8)
  3 wraiths (D:11)
  A basilisk (D:8)
  10 vampire mosquitoes
  2 wargs
  A steam dragon (D:10)
  2 acid dragons
  3 water moccasins
  25 orc warriors
  An ice beast (D:5)
  11 ogres
  4 black bears
  3 centaurs
  2 lemures (D:4)
  4 kobold brigands
  7 bullfrogs
  A scorpion (D:5)
  A wyvern zombie (D:6)
  7 wights
  A gnoll sergeant (D:10)
  A killer bee (D:10)
  5 howler monkeys
  11 hounds
  25 orc priests
  2 jellies
  A sleepcap (D:7)
  An iguana (D:5)
  27 orc wizards
  A human simulacrum (D:11)
  Robin (D:2)
  A howler monkey zombie (D:6)
  13 gnolls (D:4)
  7 adders
  2 shadow imps (D:7)
  An ufetubus (D:4)
  A worm (D:5)
  6 dart slugs
  104 orcs
  8 ball pythons
  6 endoplasms
  A giant cockroach (D:1)
  13 goblins
  13 hobgoblins
  15 jackals
  22 kobolds
  A bat (D:2)
  7 frilled lizards
  3 rats
457 creatures vanquished.

Vanquished Creatures (collateral kills)
  A demonspawn (Orc:2)
  2 orc high priests (Orc:2)
  An orc knight (Orc:1)
  2 orc sorcerers
  A warg (Orc:2)
  7 orc warriors
  5 orc priests
  3 orc wizards
  8 orcs
30 creatures vanquished.

Vanquished Creatures (others)
  A human simulacrum (D:11)
1 creature vanquished.

Grand Total: 488 creatures vanquished

Notes
Turn   | Place    | Note
-------+----------+-------------------------------------------
     0 | D:1      | wWBigheadWw the Minotaur Berserker began the quest for the
                  | Orb.
     0 | D:1      | Reached XP level 1. HP: 19/19 MP: 0/0
   315 | D:1      | Reached skill level 4 in Axes
   500 | D:1      | Reached XP level 2. HP: 19/26 MP: 1/1
  1195 | D:2      | Reached skill level 5 in Axes
  1195 | D:2      | Reached XP level 3. HP: 27/31 MP: 2/2
  1240 | D:2      | Reached ** piety under Trog
  1459 | D:2      | Noticed Robin
  1590 | D:2      | Killed Robin
  1591 | D:2      | Reached skill level 6 in Axes
  1591 | D:2      | Reached XP level 4. HP: 39/39 MP: 3/3
  2031 | D:3      | Found a faded altar of an unknown god.
  2263 | D:3      | Noticed Sigmund
  2391 | D:4      | Noticed a lemure
  2391 | D:4      | Noticed a lemure
  2415 | D:4      | Killed a lemure
  2418 | D:4      | Killed a lemure
  2433 | D:3      | Killed Sigmund
  2434 | D:3      | Reached skill level 8 in Axes
  2434 | D:3      | Reached XP level 5. HP: 20/45 MP: 4/4
  2434 | D:3      | Reached XP level 6. HP: 23/51 MP: 5/5
  2905 | D:4      | Noticed Pikel
  2915 | D:4      | Killed Pikel
  2916 | D:4      | Reached skill level 10 in Axes
  2916 | D:4      | Reached XP level 7. HP: 46/57 MP: 6/6
  2987 | D:4      | Found a shadowy altar of Dithmenos.
  2988 | D:4      | Found a hide-covered altar of Uskayaw.
  3059 | D:4      | Reached skill level 11 in Axes
  3156 | D:4      | Reached *** piety under Trog
  3176 | D:4      | Reached XP level 8. HP: 41/64 MP: 7/7
  3288 | D:4      | Found a white marble altar of Elyvilon.
  3455 | D:4      | Reached skill level 12 in Axes
  3471 | D:4      | Found a staircase to the Ecumenical Temple.
  4010 | D:4      | Reached **** piety under Trog
  4022 | D:4      | Reached skill level 13 in Axes
  4482 | D:5      | Entered Level 5 of the Dungeon
  4736 | D:5      | Reached skill level 14 in Axes
  4803 | D:5      | Reached XP level 9. HP: 70/70 MP: 8/8
  5313 | D:5      | Reached ***** piety under Trog
  5895 | D:6      | Found a runed translucent gate.
  5895 | D:6      | Found a runed translucent gate.
  5895 | D:6      | Found a runed translucent gate.
  5895 | D:6      | Noticed Jaukkuri's ghost (novice DESu)
  5897 | D:6      | Found a basalt altar of Yredelemnul.
  5930 | D:6      | Killed Jaukkuri's ghost
  5931 | D:6      | Reached skill level 5 in Fighting
  6857 | D:7      | Reached skill level 5 in Armour
  6961 | D:7      | Reached skill level 15 in Axes
  7647 | D:8      | Noticed Erica
  7663 | D:8      | Killed Erica
  7664 | D:8      | Reached XP level 10. HP: 86/86 MP: 9/9
  7688 | D:8      | Found a staircase to the Lair.
  7688 | D:8      | Noticed an elephant
  7700 | D:8      | Killed an elephant
  7755 | D:8      | Noticed a two-headed ogre
  7762 | D:8      | Killed a two-headed ogre
  8215 | D:8      | Reached skill level 16 in Axes
  8249 | D:8      | Received a gift from Trog
  9243 | D:9      | Noticed a two-headed ogre
  9251 | D:9      | Killed a two-headed ogre
  9349 | D:9      | Reached XP level 11. HP: 97/97 MP: 10/10
 10016 | D:10     | Entered Level 10 of the Dungeon
 10194 | D:10     | Reached skill level 10 in Fighting
 10567 | D:10     | Reached skill level 10 in Armour
 10593 | D:10     | Reached skill level 17 in Axes
 10593 | D:10     | Noticed a purple ugly thing
 10597 | D:10     | Killed a purple ugly thing
 10648 | D:10     | Noticed a boulder beetle
 10674 | D:10     | Killed a boulder beetle
 11888 | D:11     | Noticed a two-headed ogre
 11895 | D:11     | Killed a two-headed ogre
 11896 | D:11     | Reached XP level 12. HP: 110/110 MP: 11/11
 12771 | D:12     | Noticed a boulder beetle
 12782 | D:12     | Killed a boulder beetle
 12796 | D:12     | Noticed Maurice
 12814 | D:12     | You fall into a shaft and drop 1 floor!
 13030 | D:13     | Reached skill level 18 in Axes
 13078 | D:12     | Found a sacrificial altar of Ru.
 13084 | D:12     | Killed Maurice
 13451 | D:12     | Found a staircase to the Orcish Mines.
 13760 | Orc:1    | Entered Level 1 of the Orcish Mines
 14195 | Orc:1    | Received a gift from Trog
 14394 | Orc:1    | Noticed Harold
 14409 | Orc:1    | Killed Harold
 15058 | Orc:2    | Entered Level 2 of the Orcish Mines
 15082 | Orc:2    | Noticed an orc warlord
 15096 | Orc:2    | Killed an orc warlord
 15287 | Orc:2    | Found Vociteve's General Store.
 15375 | Orc:2    | Found Bonwu's Distillery.
 15440 | Orc:2    | Reached XP level 13. HP: 54/122 MP: 12/12
 15462 | Orc:2    | Reached skill level 19 in Axes
 15793 | Orc:2    | Bought a potion of heal wounds for 80 gold pieces
 15793 | Orc:2    | Bought a potion of heal wounds for 80 gold pieces
 15793 | Orc:2    | Bought a potion of haste for 160 gold pieces
 15795 | Orc:2    | Bought a potion of resistance for 150 gold pieces
 15795 | Orc:2    | Bought a scroll of teleportation for 45 gold pieces
 16307 | Orc:2    | Slain by a soul eater

Illustrated notes

Levels and vault maps discovered:
D:1:      matt_arrival_diagonals, layout_loops_ring, dk_noncrumbling_4
D:2:      minmay_wonky_spiral, layout_basic, hex_medium,
          nicolae_concentric_dashed_squares_mild, minmay_vboxes, uniq_robin
D:3:      layout_loops_cross, hellmonk_ecumenical_altar_leap_of_faith,
          uniq_sigmund
D:4:      lemuel_castle_with_subvaults [lemuel_castle_interior_carwin_2],
          layout_loops_ring, mainiacjoe_overflow_divided_tiny, elyvilon_altar_5,
          temple_statues, uniq_pikel
D:5:      layout_basic
D:6:      layout_gridville, nicolae_yredelemnul_ghost_church,
          minmay_misc_feat_chi
D:7:      layout_loops_ring
D:8:      layout_basic, david_lair_generic, enter_bailey_3, grunt_ministairs_5,
          chequers_serial_rivers_small_b, uniq_erica
D:9:      layout_stronghold
D:10:     minmay_chambers_of_sevens, layout_loops_corners
D:11:     layout_cave_pods, bh_circular_ruins
D:12:     layout_rooms, orc_0_dummy, minmay_liquid_box, minmay_crystal_room,
          nicolae_ru_great_annihilating_truth, uniq_maurice
D:13:     layout_long_grid, grunt_vaults_entry_tiered, uniq_urug
Orc:1:    layout_diamond_mine, abandoned_shop, uniq_harold
Orc:2:    pf_orc_diabolical, layout_caves

Skill      XL: |  1  2  3  4  5  6  7  8  9 10 11 12 13 |
---------------+----------------------------------------+-----
Axes           | 4 5 6 8 10 11 14 15 16 17 18 19 | 19.4
Fighting       | 7 9 11 13 14 | 14.3
Armour         | 6 8 11 13 14 | 14.1
Dodging        | |  2.1

Action                     |  1- 3 |  4- 6 |  7- 9 | 10-12 | 13-15 || total
---------------------------+-------+-------+-------+-------+-------++-------
  Melee: Hand axe          |    77 |    69 |   315 |   115 |       ||   576
         Headbutt          |     7 |    10 |    69 |    90 |    10 ||   186
         Punch             |       |     1 |     3 |     6 |       ||    10
         War axe           |       |       |       |   314 |    60 ||   374
 Invoke: Berserk           |       |       |       |     9 |       ||     9
         Brothers in Arms  |       |       |       |     4 |     5 ||     9
         Trog's Hand       |       |       |       |     4 |     2 ||     6
  Evoke: Wand              |       |       |       |     1 |       ||     1
    Use: Scroll            |       |       |       |    23 |     1 ||    24
         Potion            |       |       |       |     4 |     2 ||     6
   Stab: Invisible         |       |       |       |     1 |       ||     1
 Armour: Ring mail         |    23 |    29 |    66 |       |       ||   118
         Plate armour      |       |       |    28 |   190 |    34 ||   252
         Chain mail        |       |       |     2 |       |       ||     2
  Dodge: Dodged            |    35 |    33 |    96 |   103 |    22 ||   289
  Block: Other             |       |       |    16 |    60 |    12 ||    88
         Reflection        |       |       |     3 |    10 |     2 ||    15
